 Dungeon Crawl Stone Soup version 0.23-a0-32-g1388f29 (webtiles) character file.

2076 Amnesiac the Geomancer (level 9, -1/57 HPs)
             Began as a Mummy Earth Elementalist on Aug 4, 2018.
             Was an Initiate of Vehumet.
             Slain by an orc warrior
             ... wielding a +0 short sword
              (15 damage)
             ... on level 7 of the Dungeon.
             The game lasted 00:15:33 (7037 turns).

Amnesiac the Geomancer (Mummy Earth Elementalist)   Turns: 7037, Time: 00:15:33

Health: -1/57      AC:  4    Str: 12    XL:     9   Next: 6%
Magic:  1/21       EV: 27    Int: 17    God:    Vehumet [......]
Gold:   199        SH:  0    Dex: 12    Spells: 10/25 levels left

rFire    . . .     SeeInvis .   a - +6 short sword (vamp)
rCold    + + .     Gourm    .   (no shield)
rNeg     + + +     Faith    .   i - +2 robe {rC+ rF+}
rPois    ∞         Spirit   .   (no helmet)
rElec    .         Reflect  .   (no cloak)
rCorr    .         Harm     .   (no gloves)
MR       +....                  (no boots)
Stlth    ++........             j - amulet of the acrobat
HPRegen  0.19/turn              (no ring)
MPRegen  0.17/turn              (no ring)

@: no status effects
A: no food or potions, fire vulnerability, cold resistance 1, negative energy
resistance 3, torment resistance, unbreathing
a: Renounce Religion


You were on level 7 of the Dungeon.
You worshipped Vehumet.
Vehumet was noncommittal.
You were not hungry.

You visited 2 branches of the dungeon, and saw 8 of its levels.

You collected 291 gold pieces.
You spent 92 gold pieces at shops.

Inventory:

Hand Weapons
 a - a +6 vampiric short sword (weapon)
 b - a +1 whip of electrocution
Missiles
 d - 151 stones (quivered)
Armour
 f - a +0 buckler
 g - a +0 ring mail
 i - a +2 robe of resistance (worn)
Magical Staves
 c - an uncursed staff of energy
Jewellery
 j - an amulet of the acrobat (around neck)
Scrolls
 e - 2 scrolls of blinking {!r}
 h - 3 scrolls of teleportation {!r}
 k - 3 scrolls of enchant armour {!r}
 m - 5 scrolls of fog {!r}
 n - 4 scrolls of remove curse {!r}
 o - 3 scrolls of magic mapping {!r}
 q - 2 scrolls of fear {!r}


   Skills:
 - Level 1.5 Dodging
 - Level 1.5 Stealth
 + Level 8.6 Spellcasting
 - Level 0.7 Transmutations
 * Level 8.6 Earth Magic


You had 10 spell levels left.
You knew the following spells:

 Your Spells              Type           Power        Failure   Level  Hunger
a - Stone Arrow           Conj/Erth      ###...       4%          3    N/A
b - Passwall              Tmut/Erth      ###.....     2%          2    N/A
c - Sandblast             Erth           #####.       1%          1    N/A
d - Lee's Rapid Deconstr  Erth           #####.....   8%          5    N/A
e - Petrify               Tmut/Erth      ###.....     14%         4    N/A

Your spell library contained the following spells:

 Spells                   Type           Power        Failure   Level  Hunger
 Confuse                  Hex            #.......     30%         3    N/A
 Tukima's Dance           Hex            #.......     30%         3    N/A
 Confusing Touch          Hex            #.....       10%         1    N/A
 Ensorcelled Hibernation  Hex/Ice        #.....       16%         2    N/A
 Metabolic Englaciation   Hex/Ice        #.........   95%         5    N/A
 Corona                   Hex            #......      10%         1    N/A
 Dazzling Spray           Conj/Hex       #.....       30%         3    N/A
 Gell's Gravitas          Tloc           #.........   30%         3    N/A
 Yara's Violent Unravell  Hex/Tmut       #.........   93%         5    N/A

Dungeon Overview and Level Annotations

Branches:
Dungeon (7/15)             Temple (1/1) D:4

Altars:
Ashenzari
Dithmenos
Elyvilon
Fedhas
Gozag
Hepliaklqana
Kikubaaqudgha
Makhleb
Nemelex Xobeh
Okawaru
Ru
Sif Muna
Trog
Uskayaw
Vehumet
Wu Jian
Xom
Yredelemnul
Zin
The Shining One

Shops:
D:4 =   D:7 [

Annotations:
D:7 1 transporter


Innate Abilities, Weirdness & Mutations

You do not eat or drink.
Your flesh is vulnerable to fire.
You are immune to poison.
Your flesh is cold resistant. (rC+)
You are immune to negative energy. (rN+++)
You are immune to unholy pain and torment.
You can survive without breathing.


Message History

Vehumet accepts your kill.
Casting: Stone Arrow (safe; 4% risk of failure)
Confirm with . or Enter, or press ? or * to list all spells.
Aiming: Stone Arrow (safe; 4% risk of failure)
Press: ? - help, Shift-Dir - straight line, f - orc warrior
Aim: an orc warrior, wielding a short sword and wearing a plate armour The stone arrow hits the orc warrior.
The orc warrior is severely wounded.
The orc warrior throws a tomahawk.
The tomahawk hits you!
Casting: Stone Arrow (safe; 4% risk of failure)
Confirm with . or Enter, or press ? or * to list all spells.
Aiming: Stone Arrow (safe; 4% risk of failure)
Press: ? - help, Shift-Dir - straight line, f/p - orc warrior
Aim: an orc warrior, wielding a short sword and wearing a plate armour (severely wounded)
The stone arrow hits the orc warrior.
The orc warrior is severely wounded.
Casting: Stone Arrow (safe; 4% risk of failure)
Confirm with . or Enter, or press ? or * to list all spells.
Aiming: Stone Arrow (safe; 4% risk of failure)
Press: ? - help, Shift-Dir - straight line, f/p - orc warrior
Aim: an orc warrior, wielding a short sword and wearing a plate armour (severely wounded)
The stone arrow hits the orc warrior.
The orc warrior is almost dead.
Casting: Stone Arrow (safe; 4% risk of failure)
Confirm with . or Enter, or press ? or * to list all spells.
Aiming: Stone Arrow (safe; 4% risk of failure)
Press: ? - help, Shift-Dir - straight line, f/p - orc warrior
Aim: an orc warrior, wielding a short sword and wearing a plate armour (almost dead)
The stone arrow hits the orc warrior.
The orc warrior is almost dead.
The orc warrior hits you with a short sword!
Casting: Stone Arrow (safe; 4% risk of failure)
Confirm with . or Enter, or press ? or * to list all spells.
You don't have enough magic to cast that spell.
Casting: Stone Arrow (safe; 4% risk of failure)
Confirm with . or Enter, or press ? or * to list all spells.
You don't have enough magic to cast that spell.
Casting: Stone Arrow (safe; 4% risk of failure)
Confirm with . or Enter, or press ? or * to list all spells.
You don't have enough magic to cast that spell.
Casting: Stone Arrow (safe; 4% risk of failure)
Confirm with . or Enter, or press ? or * to list all spells.
You don't have enough magic to cast that spell.
You barely miss the orc warrior.
The orc warrior is almost dead.
The orc warrior closely misses you.
The orc wizard casts a spell.
The orc wizard blinks!
The orc wizard gestures wildly while chanting.
The orc wizard seems to speed up.
Casting: Stone Arrow (safe; 4% risk of failure)
Confirm with . or Enter, or press ? or * to list all spells.
Aiming: Stone Arrow (safe; 4% risk of failure)
Press: ? - help, Shift-Dir - straight line, f/p - orc warrior
Aim: an orc warrior, wielding a short sword and wearing a plate armour (almost dead)
The stone arrow misses the orc warrior.
The stone arrow hits the orc wizard.
The orc wizard is severely wounded.
The orc warrior hits you with a short sword!!
* * * LOW HITPOINT WARNING * * *
Unknown command.
The orc wizard gestures wildly while chanting.
The orc wizard blinks!
The orc warrior hits you with a short sword!
You die...

# # # ### ############
##.#
#..o@......#######.#.
#.###..###.##.....###
#.#.........#.####.#.
#§#.#..#.#..#.# ##.#
##.#.#.......#.#####.#
#......##......##.....
#.##.#.#####.####.##.#
#.##)#.#####.# #.##.#
#.#..#.......####.##..


You could see an orc warrior.

Vanquished Creatures
  Pikel (D:4)
  Grinder (D:4)
  Menkaure (D:5)
  Edmund (D:4)
  A sky beast (D:5)
  An ogre (D:5)
  2 slaves (D:5)
  2 phantoms (D:6)
  A necrophage (D:7)
  Blork the orc (D:5)
  3 scorpions
  A crimson imp (D:6)
  A bullfrog zombie (D:5)
  A bullfrog skeleton (D:7)
  Ijyb (D:3)
  Terence (D:3)
  An iguana (D:7)
  4 worker ants
  3 hound skeletons
  A howler monkey zombie (D:6)
  15 adders
  An ooze (D:1)
  An adder skeleton (D:5)
  An adder zombie (D:6)
  7 worms
  A dart slug (D:2)
  3 leopard geckos
  4 orcs
  5 giant cockroaches
  21 goblins
  7 hobgoblins
  5 jackals
  7 kobolds
  3 quokkas
  6 bats
  4 frilled lizards
  7 rats
127 creatures vanquished.

Vanquished Creatures (others)
  A hound (D:5)
1 creature vanquished.

Grand Total: 128 creatures vanquished

Notes
Turn   | Place    | Note
-------+----------+-------------------------------------------
     0 | D:1      | Amnesiac the Mummy Earth Elementalist began the quest for the Orb.
     0 | D:1      | Reached XP level 1. HP: 13/13 MP: 4/4
   149 | D:2      | Found a white marble altar of Elyvilon.
   168 | D:2      | Reached XP level 2. HP: 11/19 MP: 2/5
   474 | D:2      | Reached XP level 3. HP: 24/24 MP: 4/7
   679 | D:2      | Learned a level 2 spell: Passwall
   683 | D:2      | Learned a level 3 spell: Stone Arrow
   756 | D:3      | Found an iron altar of Okawaru.
   804 | D:4      | Reached XP level 4. HP: 15/30 MP: 9/9
   944 | D:4      | Noticed Edmund
  1125 | D:4      | Reached XP level 5. HP: 12/35 MP: 0/11
  1404 | D:4      | Found Cuesk's Jewellery Shop.
  1514 | D:4      | Found a staircase to the Ecumenical Temple.
  1526 | D:4      | Noticed an ogre
  1540 | Temple   | Entered the Ecumenical Temple
  2544 | D:3      | Reached XP level 6. HP: 41/41 MP: 13/13
  2551 | D:3      | Learned a level 5 spell: Lee's Rapid Deconstruction
  2627 | D:3      | Noticed Ijyb
  2628 | D:3      | Noticed Terence
  2646 | D:3      | Killed Ijyb
  2646 | D:3      | Reached skill level 5 in Earth Magic
  2740 | D:3      | Killed Terence
  2871 | D:3      | Reached skill level 5 in Spellcasting
  2877 | D:3      | Learned a level 4 spell: Petrify
  3529 | D:4      | Noticed Grinder
  3538 | D:4      | Killed Grinder
  3538 | D:4      | Reached XP level 7. HP: 46/46 MP: 0/15
  3743 | D:4      | Found a sparkling altar of Nemelex Xobeh.
  3758 | D:5      | Entered Level 5 of the Dungeon
  3761 | D:5      | Noticed Blork the orc
  3766 | D:5      | Killed Blork the orc
  3788 | D:5      | Noticed Pikel
  3865 | D:4      | You fall through a shaft for 3 floors!
  3931 | D:6      | Found a hide-covered altar of Uskayaw.
  3931 | D:6      | Found a glowing golden altar of the Shining One.
  3931 | D:6      | Found a blossoming altar of Fedhas.
  3933 | D:6      | Found an ancient bone altar of Kikubaaqudgha.
  4071 | D:5      | Noticed Menkaure
  4082 | D:5      | Killed Menkaure
  4169 | D:7      | Reached XP level 8. HP: 12/52 MP: 6/18
  4234 | D:7      | Found a glowing silver altar of Zin.
  4240 | D:7      | Found an ornate altar of the Wu Jian Council.
  4265 | D:7      | Found a radiant altar of Vehumet.
  4267 | D:7      | Noticed a wizard
  4269 | D:7      | Found a transporter.
  4270 | D:7      | Noticed a skeletal warrior
  4279 | D:7      | Found a transporter.
  4387 | D:7      | Became a worshipper of Vehumet
  4533 | D:7      | Found Wamat's Antique Armour Shoppe.
  5493 | D:4      | Killed Edmund
  5613 | D:4      | Killed Pikel
  6376 | D:6      | Reached XP level 9. HP: 57/57 MP: 3/21
  6576 | D:6      | Found a bloodstained altar of Trog.
  6949 | D:7      | Bought an embroidered robe for 92 gold pieces
  7037 | D:7      | Slain by an orc warrior

Vault maps used:
D:1:      nzn_arrival_depleted_hourglass
D:2:      lemuel_crystal_altar
D:3:      nicolae_overflow_hidden_temple, uniq_ijyb, uniq_terence
D:4:      kennysheep_little_box, minmay_temple_entry_junction, serial_shops,
          nicolae_shop_stone, uniq_edmund, uniq_grinder
D:5:      first_ration, uniq_blork_the_orc, uniq_menkaure, uniq_pikel
D:6:      kiku_gazebo_garden_becter, lemuel_crystal_altar,
          gammafunk_temple_overflow_forgotten
D:7:      gammafunk_temple_overflow_arena, slow_altar_2,
          amethyst_overflow_temple_binary, serial_shops,
          nicolae_shop_waterfront, enter_bailey_3
Temple:   compressed_dpeg_triangle_lava_temple

Skill      XL: |  1  2  3  4  5  6  7  8 |
---------------+-------------------------+-----
Spellcasting   | 3 4 5 6 8 |  8.6
Earth Magic    | 3 4 5 6 8 |  8.6
Dodging        | |  1.5
Stealth        | |  1.5
Transmutations | |  0.7

Action                   |  1- 3 |  4- 6 |  7- 9 || total
-------------------------+-------+-------+-------++-------
Melee: Dagger            |    20 |       |       ||    20
       Short sword       |       |   146 |   104 ||   250
 Fire: Hunting sling     |    22 |    13 |       ||    35
 Cast: Sandblast         |    32 |    18 |    22 ||    72
       Stone Arrow       |       |    16 |    87 ||   103
       Passwall          |       |     1 |     3 ||     4
       Lee's Rapid Decon |       |       |     1 ||     1
Evoke: Wand              |       |       |     2 ||     2
  Use: Scroll            |     1 |     4 |    11 ||    16
 Stab: Sleeping          |       |     3 |     2 ||     5
Armor: Robe              |     8 |    13 |    19 ||    40
Dodge: Dodged            |    34 |   123 |    91 ||   248

Table legend:
 A = Spawn XP
 B = Non-spawn XP
 C = Spawn XP percentage of total XP
 D = Spawn monster count
 E = Non-spawn monster count
 F = Spawn count percentage of total count
 G = Total turns spent on level
                    A         B        C        D         E        F      G
               +---------+---------+-------+---------+---------+-------+---------
         Total |       0 |    2967 |   0.0 |       0 |     125 |   0.0 |  7037
               +---------+---------+-------+---------+---------+-------+---------
           D:1 |       0 |      37 |   0.0 |       0 |      20 |   0.0 |   761
           D:2 |       0 |     136 |   0.0 |       0 |      32 |   0.0 |  1078
           D:3 |       0 |     161 |   0.0 |       0 |      26 |   0.0 |  1328
           D:4 |       0 |    1264 |   0.0 |       0 |      15 |   0.0 |  1636
           D:5 |       0 |     603 |   0.0 |       0 |      10 |   0.0 |   678
           D:6 |       0 |     346 |   0.0 |       0 |       8 |   0.0 |   621
           D:7 |       0 |     420 |   0.0 |       0 |      14 |   0.0 |   867
               +---------+---------+-------+---------+---------+-------+---------
